AoeStats
← Leinad

Black Forest

510167877Analyzed
4v4 RM · 1d ago on Sep 29, 2026· 20m 24s· 8 players
Game mode
Random Map
Map size
Large (8 player)
Population
200
Speed
Normal
Resources
Standard
Victory
Conquest
Starting age
Dark Age
Ending age
Imperial Age
RankedLock teamsTeams togetherTeam positionsShared explorationLock speedFull tech treeHidden civsTurbo modeCheats
Victory
Defeat
🇨🇿 Ethiopians · Czechia
1177
+16
🇨🇿 Malians · Czechia
1174
+16
🇨🇿 Lithuanians · Czechia
1160
+16
🇨🇿 Franks · Czechia
1157
+16
🇩🇰 Dravidians · Denmark
1197
-17
🇨🇳 Mongols · China
1169
-16
🇩🇪 Celts · Germany
1167
-16
🇵🇱 Byzantines · Poland
1140
-15
pini
2:12 Loom
12:15 Feudal Age
15:33 Wheelbarrow
14:46 Double-Bit Axe
20:08 Wheelbarrow
22:35 Castle Age
tiwaz55
5:31 Loom
11:41 Feudal Age
15:48 Castle Age
13:57 Double-Bit Axe
13:56 Horse Collar
15:43 Scale Barding Armor
15:43 Gold Mining
17:35 Chain Barding Armor
19:58 Heavy Plow
Caderousse
中国NO.1
12:24 Feudal Age
16:31 Castle Age
16:52 Double-Bit Axe
xrixcis
10:44 Feudal Age
14:54 Castle Age
18:43 Horse Collar
exd
11:25 Feudal Age
15:10 Castle Age
13:47 Double-Bit Axe
14:38 Gold Mining
17:44 Bow Saw
19:08 Scale Barding Armor
20:41 Chain Barding Armor
Leinad
8:09 Loom
10:38 Feudal Age
11:09 Double-Bit Axe
16:47 Castle Age
14:59 Gold Mining
16:36 Horse Collar
17:45 Bow Saw
čuňas
1:36 Loom
1:50 Loom
5:23 Loom
6:24 Loom
9:09 Feudal Age
9:15 Man-at-Arms
11:26 Loom
17:23 Double-Bit Axe
22:07 Castle Age
Connection lost

Rejoining the realm…

Still unreachable

The connection could not be restored.

Session expired

The server has moved on; the page needs a fresh start.